Match 42261808
Unlisted

Match 42261808
End
Panzergrenadier Squad
Panzergrenadier Squad
250 Light Carrier
Construct Light Support Kompanie
MG34 Team
Construct Mechanized Kompanie
Support Armor Elements
Pak 38 Mechanized Group
StuG III D Assault Gun
Selects Italian Infantry
Selects Guastatori Squad
Selects Registered Artillery
Saueee
iceday
Barry Chuckle
AoL
0
0

Comments sign in to comment!

No comments posted yet!